 Dungeon Sprint DCSS version 0.19-a0-1005-gf5a4b3b (webtiles) character file.

221 Musica the Summoner (level 5, -2/28 HPs)
             Began as a Tengu Summoner on July 19, 2016.
             Was a Follower of Sif Muna.
             Slain by Sonja
             ... wielding a +0 dagger of distortion
              (12 damage)
             ... in the Dungeon (Sprint I: "Red Sonja").
             The game lasted 00:05:05 (638 turns).

Musica the Summoner (Tengu Summoner)                 Turns: 638, Time: 00:05:07

Health: -2/28      AC:  2    Str:  8    XL:     5   Next: 98%
Magic:  3/14       EV: 13    Int: 17    God:    Sif Muna [*.....]
Gold:   319        SH:  0    Dex: 14    Spells: 5 memorised, 2 levels left

rFire  . . .     SeeInvis .     l - +0 scythe
rCold  . . .     Gourm    .     a - +0 robe
rNeg   . . .     Faith    .     (shield currently unavailable)
rPois  .         Spirit   .     (helmet restricted)
rElec  .         Dismiss  .     (no cloak)
rCorr  .         Reflect  .     (no gloves)
SustAt .         Harm     .     (boots unavailable)
MR     .....     NoTele   +     (no amulet)
Stlth  ++........               (no ring)
                                (no ring)

@: lethally poisoned (-2 -> -8), slowed, very slow, not resistant to hostile
enchantments, unstealthy
A: beak, talons 3, able to fly 1
a: Fly, Divine Energy, Renounce Religion


You were in the Dungeon.
You worshipped Sif Muna.
Sif Muna was aware of your devotion.
You were not hungry.

You visited 1 branch You collected 319 gold pieces.

Inventory:

Hand Weapons
 l - a +0 scythe (weapon)
Armour
 a - a +0 robe (worn)
 k - a +1 leather armour of cold resistance
Wands
 j - a wand of digging (3/24)
Scrolls
 i - a scroll of blinking
Potions
 d - a potion of curing
 e - a potion of heal wounds
 f - a potion of haste
 g - a potion of magic
 h - a potion of berserk rage
Books
 b - a book of Callings

   Spells                             Type                      Level
   a - Summon Small Mammal            Summoning                    1
   b - Call Imp                       Summoning                    2
   c - Call Canine Familiar           Summoning                    3
   d - Summon Guardian Golem          Hexes/Summoning              3
   e - Summon Lightning Spire         Summoning/Air                4
   f - Summon Ice Beast               Ice/Summoning                4
Comestibles
 c - a bread ration


   Skills:
 - Level 2.5 Dodging
 - Level 2.3 Stealth
 + Level 6.2 Spellcasting
 + Level 11.7 Summonings
 * Level 2.4 Ice Magic


You had 2 spell levels left.
You knew the following spells:

 Your Spells              Type           Power        Failure   Level  Hunger
a - Summon Small Mammal   Summ           ####         1%          1    None
b - Call Imp              Summ           #####...     1%          2    None
c - Call Canine Familiar  Summ           #####...     1%          3    ##.....
d - Summon Ice Beast      Ice/Summ       ####....     10%         4    ####...
e - Summon Lightning Spi  Summ/Air       ####....     14%         4    ####...


Dungeon Overview and Level Annotations

Branches:
Dungeon (1/1)

Altars:
Elyvilon
Gozag
Hepliaklqana
Kikubaaqudgha
Makhleb
Nemelex Xobeh
Okawaru
Pakellas
Qazlal
Ru
Sif Muna
Trog
Uskayaw
Vehumet
Xom
Yredelemnul
Zin
The Shining One

Shops:
D }

Annotations:
D Sonja


Innate Abilities, Weirdness & Mutations

You have a beak for a mouth.
You have claws for feet.
You can fly.


Message History

Sonja hits your wolf with an uncursed dagger of distortion.
Space warps horribly around your wolf!
Your wolf dies!
Your wolf's corpse disappears in a puff of smoke!
Your lightning spire shoots out a bolt of lightning at Sonja!
The bolt of electricity hits Sonja.
Sonja hits your lightning spire with an uncursed dagger of distortion!
Space bends around your lightning spire.
Sonja hits your lightning spire but does no damage.
Space bends around your lightning spire.
Your lightning spire is destroyed!
Sonja shouts!
Casting: Call Canine Familiar
Confirm with . or Enter, or press ? or * to list all spells.
A chill wind blows around you.
Sonja plants her feet in a plie.
Sonja misses you. Sonja hits you but does no damage.
Sonja hits you with an uncursed dagger of distortion.
Space warps horribly around you!
You die...

################
#<.#..'.....'..#
#..'.)#..'[.#..+
#..#####'#####'#
#..####..#...#.#
#..#__####..##.#
#..#_____##'#..+
#⌠⌠#_.∩.Y.@..._#
####_._._##K(#'#
#_____###'#.#
####### .### .$
K$# .## +#


You could see Sonja and a friendly ice beast.

Vanquished Creatures (collateral kills)
  Sigmund (D)
  A yak (D)
  An ogre (D)
  A jelly (D)
  Ijyb (D)
5 creatures vanquished.

Vanquished Creatures (others)
  A gargoyle (D)
1 creature vanquished.

Grand Total: 6 creatures vanquished

Notes
Turn   | Place    | Note
-------+----------+-------------------------------------------
     0 | D        | Musica the Tengu Summoner began the quest for the Orb.
     0 | D        | Reached XP level 1. HP: 10/10 MP: 4/4
     6 | D        | Noticed Ijyb
    19 | D        | Killed Ijyb
    19 | D        | Reached skill level 6 in Summonings
    19 | D        | Reached XP level 2. HP: 12/15 MP: 0/6
    78 | D        | Learned a level 2 spell: Call Imp
    87 | D        | Noticed an ogre
    97 | D        | Killed a gargoyle
   100 | D        | Killed an ogre
   100 | D        | Reached skill level 8 in Summonings
   100 | D        | Reached XP level 3. HP: 19/19 MP: 0/9
   110 | D        | Noticed Sigmund
   120 | D        | Killed Sigmund
   120 | D        | Reached skill level 5 in Spellcasting
   120 | D        | Reached skill level 10 in Summonings
   120 | D        | Reached XP level 4. HP: 24/24 MP: 1/12
   120 | D        | Gained mutation: You can fly. [Tengu growth]
   120 | D        | Reached XP level 5. HP: 28/28 MP: 1/13
   218 | D        | Learned a level 3 spell: Call Canine Familiar
   223 | D        | Learned a level 4 spell: Summon Ice Beast
   327 | D        | Found a deep blue altar of Sif Muna.
   342 | D        | Found a radiant altar of Vehumet.
   348 | D        | Reached skill level 11 in Summonings
   364 | D        | Became a worshipper of Sif Muna the Loreminder
   390 | D        | Found Bushroj Oxod's Gadget Emporium.
   390 | D        | Found a white marble altar of Elyvilon.
   390 | D        | Found a burning altar of Makhleb.
   390 | D        | Found a sacrificial altar of Ru.
   390 | D        | Found an oddly glowing altar of Pakellas.
   390 | D        | Found a hide-covered altar of Uskayaw.
   390 | D        | Found a glowing golden altar of the Shining One.
   390 | D        | Found an opulent altar of Gozag.
   390 | D        | Found a glowing silver altar of Zin.
   390 | D        | Noticed a yak
   393 | D        | Found a stormy altar of Qazlal.
   393 | D        | Found a hazy altar of Hepliaklqana.
   403 | D        | Killed a yak
   403 | D        | Reached * piety under Sif Muna
   405 | D        | Found a shimmering altar of Xom.
   406 | D        | Found a basalt altar of Yredelemnul.
   406 | D        | Found a sparkling altar of Nemelex Xobeh.
   406 | D        | Found an ancient bone altar of Kikubaaqudgha.
   407 | D        | Found an iron altar of Okawaru.
   412 | D        | Found a bloodstained altar of Trog.
   477 | D        | Learned a level 4 spell: Summon Lightning Spire
   631 | D        | Noticed Sonja
   638 | D        | Slain by Sonja

Vault maps used:
D:        dungeon_sprint_1

Skill      XL: |  1  2  3  4  5 |
---------------+----------------+-----
Summonings     | 6 8 10 11 | 11.7
Spellcasting   | 3 5 6 |  6.2
Ice Magic      | 2 |  2.4
Dodging        | |  2.5
Stealth        | |  2.3

Action                   |  1- 3 |  4- 6 || total
-------------------------+-------+-------++-------
Melee: Unarmed           |     5 |       ||     5
       Peck              |     1 |       ||     1
 Cast: Summon Small Mamm |     7 |       ||     7
       Call Imp          |     6 |     6 ||    12
       Summon Ice Beast  |       |     2 ||     2
       Call Canine Famil |       |     2 ||     2
       Summon Lightning  |       |     1 ||     1
  Use: Potion            |     1 |       ||     1
 Stab: Distracted        |     1 |       ||     1
Armor: Robe              |       |     1 ||     1
Dodge: Dodged            |     3 |     1 ||     4
